[Event "DMP-III LIGA Senior PK 2020"]
[Site "Bystre"]
[Date "2020.07.11"]
[Round "7.30"]
[White "Wolak, Julia"]
[Black "Wladyka, Angelika"]
[Result "1-0"]
[ECO "C11"]
[WhiteElo "1516"]
[BlackElo "1601"]
[Annotator "NA RC"]
[PlyCount "75"]
[EventDate "2020.07.05"]
[EventType "team-tourn"]
[EventCountry "POL"]
[SourceTitle "playchess.com"]
[Source "ChessBase"]
[SourceQuality "1"]
[TimeControl "5400+30"]

1. e4 e6 2. d4 d5 3. Nc3 Nf6 4. e5 Nfd7 5. f4 c5 6. Nf3 Nc6 7. Be3 Be7 8. Be2 a6 9. O-O O-O 10. Kh1 cxd4 11. Nxd4 Nxd4 12. Bxd4 g6 13. Bg4 Nc5 14. Qe1 b5 15. Qg3 b4 16. Ne2 Ne4 17. Qe3 Bd7 18. Ng3 Nxg3+ 19. Qxg3 Bb5 20. Rfd1 Bd7 21. Qe3 Qc7 22. Rac1 Qb7 23. Bh3 Rac8 24. g4 Rfd8 25. f5 Qb5 26. fxg6 fxg6 27. Bf1 Qc6 28. Bd3 Be8 29. Rf1 Bc5 30. h4 Bxd4 31. Qxd4 Rc7 32. Kh2 Rf7 33. h5 Rg7 34. Qxb4 Bd7 35. h6 Rf7 36. Rxf7 Kxf7 37. Rf1+ Kg8 38. Qe7 1-0

[Event "DMP-III LIGA Senior PK 2020"]
[Site "Bystre"]
[Date "2020.07.12"]
[Round "8.2"]
[White "Mazurkiewicz, Andrzej"]
[Black "Socha, Kamil"]
[Result "0-1"]
[ECO "E20"]
[WhiteElo "1608"]
[BlackElo "1817"]
[Annotator "NA RC"]
[PlyCount "86"]
[EventDate "2020.07.05"]
[EventType "team-tourn"]
[EventCountry "POL"]
[SourceTitle "playchess.com"]
[Source "ChessBase"]
[SourceQuality "1"]
[TimeControl "5400+30"]

1. d4 Nf6 2. c4 e6 3. Nc3 Bb4 4. Bd2 O-O 5. a3 Bxc3 6. Bxc3 Ne4 7. Bb4 d6 8. a4 Nc6 9. Ba3 a5 10. g3 f5 11. f3 Nf6 12. Qd2 e5 13. e3 exd4 14. exd4 Bd7 15. Ne2 Re8 16. O-O-O Nb4 17. Nc3 c6 18. Bg2 d5 19. c5 b6 20. Rhe1 bxc5 21. Rxe8+ Bxe8 22. dxc5 Rb8 23. Qf4 Rb7 24. Qxf5 Re7 25. Kd2 Bg6 26. Qf4 Nd3 27. Qd4 Qe8 28. Bf1 Ne1 29. Rxe1 Rxe1 30. Be2 Ra1 31. Nd1 Qb8 32. Qc3 Qa7 33. h4 Qc7 34. Qe3 Qxg3 35. Qe6+ Bf7 36. Qxc6 Qf4+ 37. Ke1 Qxh4+ 38. Kd2 Qd4+ 39. Ke1 Rc1 40. Qc8+ Ne8 41. c6 Rc2 42. Qg4 Qd2+ 43. Kf1 Qxe2+ 0-1

[Event "DMP-III LIGA Senior PK 2020"]
[Site "Bystre"]
[Date "2020.07.12"]
[Round "8.3"]
[White "Stefanski, Adam"]
[Black "Chowaniec, Artur"]
[Result "1-0"]
[ECO "A11"]
[WhiteElo "1387"]
[BlackElo "1530"]
[Annotator "NA RC"]
[PlyCount "89"]
[EventDate "2020.07.05"]
[EventType "team-tourn"]
[EventCountry "POL"]
[SourceTitle "playchess.com"]
[Source "ChessBase"]
[SourceQuality "1"]
[TimeControl "5400+30"]

1. c4 c6 2. Nc3 d5 3. cxd5 cxd5 4. d4 Nf6 5. Bf4 a6 6. Nf3 Nc6 7. e3 Qb6 8. Rb1 Bf5 9. Bd3 Bxd3 10. Qxd3 e6 11. a3 Be7 12. O-O O-O 13. Rfc1 Nh5 14. Bg3 Nxg3 15. hxg3 Rac8 16. Na4 Qa5 17. Nc5 Bxc5 18. Rxc5 Qd8 19. Rbc1 Ne7 20. Ng5 g6 21. f4 Qd7 22. Kf2 Rxc5 23. dxc5 f6 24. Nf3 Nc6 25. Nd4 Rc8 26. b4 Nxd4 27. Qxd4 Kf7 28. Rh1 Rh8 29. g4 Qa4 30. Qc3 Qd7 31. g5 Qe7 32. c6 bxc6 33. gxf6 Qxf6 34. Qxc6 Qb2+ 35. Kf3 Qxa3 36. Qc7+ Kf8 37. Qd8+ Kg7 38. Qe7+ Kg8 39. Qxe6+ Kg7 40. Qe5+ Kg8 41. Qxd5+ Kg7 42. Qb7+ Kg8 43. Rd1 Qa5 44. bxa5 h5 45. Rd8# 1-0

[Event "DMP-III LIGA Senior PK 2020"]
[Site "Bystre"]
[Date "2020.07.12"]
[Round "8.4"]
[White "Wrobel, Dariusz"]
[Black "Korys, Dawid"]
[Result "1-0"]
[ECO "B30"]
[WhiteElo "1427"]
[BlackElo "1343"]
[Annotator "NA RC"]
[PlyCount "59"]
[EventDate "2020.07.05"]
[EventType "team-tourn"]
[EventCountry "POL"]
[SourceTitle "playchess.com"]
[Source "ChessBase"]
[SourceQuality "1"]
[TimeControl "5400+30"]

1. e4 c5 2. Nf3 Nc6 3. Be2 e6 4. d3 d5 5. exd5 exd5 6. O-O Nf6 7. Bg5 Be7 8. Nbd2 Be6 9. c3 O-O 10. Nb3 b6 11. d4 c4 12. Nbd2 Qc7 13. Re1 Rfe8 14. Nf1 Ne4 15. Bxe7 Rxe7 16. N1d2 Nxd2 17. Nxd2 Rae8 18. Bf3 Qd6 19. Nf1 Bf5 20. Rxe7 Rxe7 21. Qd2 Be4 22. Be2 Nd8 23. Re1 Bf5 24. Ng3 Bg6 25. Bg4 h6 26. Bf5 Bxf5 27. Nxf5 Rxe1+ 28. Qxe1 Qe6 29. Qe5 Nc6 30. Qxg7# 1-0

[Event "DMP-III LIGA Senior PK 2020"]
[Site "Bystre"]
[Date "2020.07.12"]
[Round "8.5"]
[White "Medrygal, Rafal"]
[Black "Kielb, Miroslaw"]
[Result "1/2-1/2"]
[ECO "C50"]
[WhiteElo "1258"]
[BlackElo "1394"]
[Annotator "NA RC"]
[PlyCount "144"]
[EventDate "2020.07.05"]
[EventType "team-tourn"]
[EventCountry "POL"]
[SourceTitle "playchess.com"]
[Source "ChessBase"]
[SourceQuality "1"]
[TimeControl "5400+30"]

1. e4 e5 2. Nf3 Nc6 3. Bc4 Bc5 4. Nc3 Nf6 5. d3 d6 6. Bg5 Be6 7. Bb3 O-O 8. Nd5 Bxd5 9. Bxd5 h6 10. Bh4 g5 11. Bg3 Nxd5 12. exd5 Ne7 13. c4 Bb4+ 14. Nd2 Ng6 15. a3 Bxd2+ 16. Qxd2 f5 17. f3 f4 18. Bf2 c5 19. Qc2 Kg7 20. b4 b6 21. O-O h5 22. bxc5 bxc5 23. Rfb1 Qc7 24. Rb2 Rfb8 25. Rab1 Rb6 26. Be1 Qb7 27. Ba5 Rxb2 28. Qxb2 Qxb2 29. Rxb2 Ne7 30. Bc7 Nf5 31. Kf2 g4 32. fxg4 hxg4 33. Rb7 Kf6 34. a4 Rh8 35. Kg1 g3 36. hxg3 fxg3 37. Rb8 Rxb8 38. Bxb8 a6 39. Kf1 Ke7 40. Bc7 Ne3+ 41. Kg1 Nd1 42. Kf1 Nb2 43. Ke2 Nxa4 44. Ba5 Kd7 45. Kd2 Kc8 46. Kc2 Kb7 47. Be1 Nb6 48. Bxg3 a5 49. Be1 Ka6 50. g4 Nd7 51. Kb3 Nf8 52. Ka4 Ng6 53. Bxa5 Nf4 54. g5 Kb7 55. Kb3 Kc8 56. Kc2 Kd7 57. Kd2 Ke7 58. Ke3 Ng6 59. Ke4 Nf4 60. Kf5 Nxd3 61. g6 Nb2 62. Bd8+ Kf8 63. Ke6 Nxc4 64. Be7+ Kg7 65. Bxd6 Kxg6 66. Bxe5 Nxe5 67. Kxe5 c4 68. Kd4 Kf6 69. Kxc4 Ke7 70. Kc5 Kd7 71. d6 Kd8 72. Kc6 Kc8 1/2-1/2

[Event "DMP-III LIGA Senior PK 2020"]
[Site "Bystre"]
[Date "2020.07.12"]
[Round "8.6"]
[White "Wolak, Julia"]
[Black "Trybowska, Anna"]
[Result "1/2-1/2"]
[ECO "C15"]
[WhiteElo "1516"]
[BlackElo "1583"]
[Annotator "NA RC"]
[PlyCount "75"]
[EventDate "2020.07.05"]
[EventType "team-tourn"]
[EventCountry "POL"]
[SourceTitle "playchess.com"]
[Source "ChessBase"]
[SourceQuality "1"]
[TimeControl "5400+30"]

1. e4 e6 2. d4 d5 3. Nc3 Bb4 4. Qg4 Nf6 5. Qxg7 Rg8 6. Qh6 Rg6 7. Qe3 Nxe4 8. Nf3 c5 9. Bd2 Nxd2 10. Qxd2 Rg4 11. a3 Qa5 12. Rd1 Bxc3 13. Qxc3 Qxc3+ 14. bxc3 c4 15. Ne5 Rg8 16. Be2 f6 17. Ng4 Ke7 18. f4 Na6 19. Bf3 Nc7 20. Kf2 Nb5 21. f5 h5 22. Ne3 Nxc3 23. Rd2 Kd6 24. fxe6 Bxe6 25. Re1 f5 26. Kf1 Ne4 27. Rde2 h4 28. Bxe4 fxe4 29. c3 Raf8+ 30. Rf2 h3 31. g3 Rxf2+ 32. Kxf2 Rf8+ 33. Ke2 Ke7 34. Rb1 b6 35. Rb5 Rd8 36. Rb1 Kf6 37. Rf1+ Kg5 38. Rf4 1/2-1/2

[Event "DMP-III LIGA Senior PK 2020"]
[Site "Bystre"]
[Date "2020.07.12"]
[Round "8.8"]
[White "Lach, Ireneusz"]
[Black "Marciniak, Leonard"]
[Result "1/2-1/2"]
[ECO "B92"]
[WhiteElo "1897"]
[BlackElo "1672"]
[Annotator "NA RC"]
[PlyCount "49"]
[EventDate "2020.07.05"]
[EventType "team-tourn"]
[EventCountry "POL"]
[SourceTitle "playchess.com"]
[Source "ChessBase"]
[SourceQuality "1"]
[TimeControl "5400+30"]

1. e4 c5 2. Nf3 d6 3. d4 Nf6 4. Nc3 cxd4 5. Nxd4 a6 6. Be2 e5 7. Nb3 Be7 8. O-O Be6 9. Kh1 d5 10. exd5 Nxd5 11. Nxd5 Qxd5 12. Be3 Nc6 13. c3 Qxd1 14. Rfxd1 Rd8 15. Nc5 Bxc5 16. Bxc5 f6 17. a3 Kf7 18. Bb6 Rc8 19. h3 f5 20. Rd6 e4 21. f3 Ne5 22. fxe4 fxe4 23. Rad1 Nc4 24. Bxc4 Rxc4 25. Kg1 1/2-1/2

[Event "DMP-III LIGA Senior PK 2020"]
[Site "Bystre"]
[Date "2020.07.12"]
[Round "8.9"]
[White "Klok, Kacper"]
[Black "Janzer, Hubert"]
[Result "1/2-1/2"]
[ECO "A57"]
[WhiteElo "1463"]
[BlackElo "1893"]
[Annotator "NA RC"]
[PlyCount "57"]
[EventDate "2020.07.05"]
[EventType "team-tourn"]
[EventCountry "POL"]
[SourceTitle "playchess.com"]
[Source "ChessBase"]
[SourceQuality "1"]
[TimeControl "5400+30"]

1. d4 Nf6 2. c4 c5 3. d5 b5 4. e3 g6 5. Nf3 Bg7 6. Be2 O-O 7. O-O d6 8. cxb5 a6 9. Nc3 axb5 10. Bxb5 Ba6 11. Bxa6 Nxa6 12. e4 Qa5 13. Re1 Nd7 14. Bg5 Rfb8 15. Rb1 Rxb2 16. Rxb2 Bxc3 17. Rb7 Bxe1 18. Rxd7 Bc3 19. Bxe7 Re8 20. Qb3 c4 21. Qxc4 Nc5 22. Rd8 Rxd8 23. Bxd8 Qxd8 24. Qxc3 Nxe4 25. Qc4 f5 26. Nd4 Qb6 27. Qc8+ Kf7 28. Qd7+ Kf6 29. Qe6+ 1/2-1/2

[Event "DMP-III LIGA Senior PK 2020"]
[Site "Bystre"]
[Date "2020.07.12"]
[Round "8.11"]
[White "Karas, Kacper"]
[Black "Lach, Mateusz"]
[Result "0-1"]
[ECO "A84"]
[WhiteElo "1150"]
[BlackElo "1674"]
[Annotator "NA RC"]
[PlyCount "142"]
[EventDate "2020.07.05"]
[EventType "team-tourn"]
[EventCountry "POL"]
[SourceTitle "playchess.com"]
[Source "ChessBase"]
[SourceQuality "1"]
[TimeControl "5400+30"]

1. c4 e6 2. d4 f5 3. Nc3 Nf6 4. Nf3 Be7 5. Bd2 O-O 6. e3 b6 7. Be2 Bb7 8. Qc2 d5 9. Rg1 c5 10. Ne5 Nbd7 11. Nxd7 Qxd7 12. dxc5 Bxc5 13. cxd5 Nxd5 14. Nxd5 Bxd5 15. g4 Rac8 16. Qd3 Qf7 17. gxf5 exf5 18. Bc3 Be4 19. Qc4 g6 20. Qxf7+ Kxf7 21. h4 h6 22. Bc4+ Ke7 23. Rxg6 Rc6 24. Rg7+ Kd8 25. Rxa7 Bf3 26. Ra8+ Ke7 27. Rxf8 Kxf8 28. Be2 Rg6 29. Kf1 Bg2+ 30. Ke1 Be4 31. Rd1 Rg1+ 32. Kd2 Rg2 33. Ke1 Rg1+ 34. Kd2 Rg2 35. Ke1 f4 36. b4 Be7 37. f3 Bxh4+ 38. Kf1 Rf2+ 39. Kg1 Bxf3 40. Bxf3 Rxf3 41. Rf1 Rg3+ 42. Kh1 f3 43. Kh2 Ke7 44. Be5 Rg2+ 45. Kh3 Rf2 46. Rxf2 Bxf2 47. Kg4 Bxe3 48. Kxf3 Bd2 49. Bg7 b5 50. Ke2 Bg5 51. Bd4 Kd6 52. Kf3 Kd5 53. Bc5 Kc4 54. Kg4 Kc3 55. Kh5 Kb2 56. Bf8 Kxa2 57. Kg4 Kb3 58. Kf3 Bd2 59. Ke2 Bg5 60. Kf3 h5 61. Ke2 Bf6 62. Kf2 Bc3 63. Kg3 Bxb4 64. Bg7 Be1+ 65. Kf4 Kc4 66. Kg5 h4 67. Kg4 b4 68. Kf3 Bc3 69. Bh6 Kd3 70. Bc1 Kc2 71. Be3 b3 0-1

[Event "DMP-III LIGA Senior PK 2020"]
[Site "Bystre"]
[Date "2020.07.12"]
[Round "8.12"]
[White "Wladyka, Angelika"]
[Black "Uliasz, Katarzyna"]
[Result "0-1"]
[ECO "B22"]
[WhiteElo "1601"]
[BlackElo "1386"]
[Annotator "NA RC"]
[PlyCount "98"]
[EventDate "2020.07.05"]
[EventType "team-tourn"]
[EventCountry "POL"]
[SourceTitle "playchess.com"]
[Source "ChessBase"]
[SourceQuality "1"]
[TimeControl "5400+30"]

1. e4 c5 2. c3 d5 3. exd5 Qxd5 4. d4 Nc6 5. Nf3 e6 6. Be2 Nf6 7. O-O h6 8. dxc5 Bxc5 9. Qxd5 exd5 10. Nbd2 O-O 11. Nb3 Bb6 12. Bf4 Ne4 13. Rad1 Re8 14. Bd3 Bg4 15. h3 Bxf3 16. gxf3 Nf6 17. Rfe1 a6 18. Kf1 Red8 19. Be3 Bxe3 20. fxe3 Ne5 21. Kf2 Kf8 22. Nd4 g6 23. Rd2 Ke7 24. Red1 Rac8 25. Bf1 Ke8 26. Nc2 Ke7 27. Nb4 Nc4 28. Bxc4 dxc4 29. Nd5+ Nxd5 30. Rxd5 Rxd5 31. Rxd5 Ke6 32. Rd4 b5 33. e4 Rc6 34. Ke3 g5 35. Rd5 Rd6 36. Rxd6+ Kxd6 37. Kd4 f6 38. b3 cxb3 39. axb3 a5 40. c4 bxc4 41. Kxc4 Kc6 42. Kd4 Kb5 43. Kd5 Kb4 44. Ke6 Kxb3 45. Kxf6 a4 46. e5 a3 47. e6 a2 48. e7 a1=Q+ 49. Kf7 Qa7 0-1

[Event "DMP-III LIGA Senior PK 2020"]
[Site "Bystre"]
[Date "2020.07.12"]
[Round "8.15"]
[White "Palacki, Rafal"]
[Black "Biesiadecki, Adam"]
[Result "1-0"]
[ECO "B23"]
[WhiteElo "1755"]
[BlackElo "1539"]
[Annotator "NA RC"]
[PlyCount "77"]
[EventDate "2020.07.05"]
[EventType "team-tourn"]
[EventCountry "POL"]
[SourceTitle "playchess.com"]
[Source "ChessBase"]
[SourceQuality "1"]
[TimeControl "5400+30"]

1. e4 c5 2. Nc3 Nc6 3. f4 e6 4. Nf3 d5 5. Bb5 Nf6 6. e5 Nd7 7. Bxc6 bxc6 8. d3 Qc7 9. O-O Ba6 10. b3 g6 11. Qe1 c4 12. bxc4 dxc4 13. d4 h5 14. Ng5 Nb6 15. a4 Nd5 16. Nce4 c3 17. Rf3 c5 18. dxc5 Bxc5+ 19. Kh1 Rc8 20. Ba3 Bxa3 21. Rxa3 O-O 22. Nxc3 Rfd8 23. Nxd5 Rxd5 24. Rfc3 Qxc3 25. Rxc3 Rxc3 26. Ne4 Re3 27. Qxe3 Rd1+ 28. Qg1 Rxg1+ 29. Kxg1 Bc4 30. Kf2 Kf8 31. Ke3 Ke7 32. Kd4 Bd5 33. g3 Bc6 34. a5 Kd7 35. Nd6 f5 36. Kc5 Ba4 37. c4 Bc6 38. Nc8 a6 39. Ne7 1-0

[Event "DMP-III LIGA Senior PK 2020"]
[Site "Bystre"]
[Date "2020.07.12"]
[Round "8.16"]
[White "Juszczuk, Grzegorz"]
[Black "Zajac, Karol"]
[Result "1/2-1/2"]
[ECO "D02"]
[WhiteElo "1809"]
[BlackElo "1652"]
[Annotator "NA RC"]
[PlyCount "56"]
[EventDate "2020.07.05"]
[EventType "team-tourn"]
[EventCountry "POL"]
[SourceTitle "playchess.com"]
[Source "ChessBase"]
[SourceQuality "1"]
[TimeControl "5400+30"]

1. d4 d5 2. Nf3 Nf6 3. Bf4 e6 4. e3 Bd6 5. Ne5 O-O 6. Be2 c5 7. O-O b6 8. c3 Qc7 9. Nd2 Nbd7 10. Ndf3 Ne4 11. Bd3 Bb7 12. Nxd7 Qxd7 13. Ne5 Qc7 14. Qg4 Rae8 15. f3 f6 16. fxe4 fxe5 17. Bxe5 Bxe5 18. Rxf8+ Kxf8 19. dxe5 Qxe5 20. Bb5 Re7 21. Qh4 g5 22. Rf1+ Kg8 23. Qf2 Qg7 24. exd5 Bxd5 25. Qg3 Rf7 26. Qb8+ Qf8 27. Qxf8+ Rxf8 28. a3 Rxf1+ 1/2-1/2

[Event "DMP-III LIGA Senior PK 2020"]
[Site "Bystre"]
[Date "2020.07.12"]
[Round "8.18"]
[White "Krzyzanowska-Zadlo, Lidia"]
[Black "Tarsa, Joanna"]
[Result "1/2-1/2"]
[ECO "B23"]
[WhiteElo "1801"]
[BlackElo "1574"]
[Annotator "NA RC"]
[PlyCount "96"]
[EventDate "2020.07.05"]
[EventType "team-tourn"]
[EventCountry "POL"]
[SourceTitle "playchess.com"]
[Source "ChessBase"]
[SourceQuality "1"]
[TimeControl "5400+30"]

1. e4 c5 2. Nc3 Nc6 3. f4 d6 4. Bb5 e6 5. Nf3 Bd7 6. O-O Nf6 7. d3 Be7 8. h3 a6 9. Bxc6 Bxc6 10. g4 Qc7 11. Qe1 O-O-O 12. a4 h5 13. g5 Nd7 14. h4 g6 15. Bd2 Rhe8 16. b3 d5 17. e5 d4 18. Ne4 Bxe4 19. Qxe4 Nb8 20. Kh1 Qc6 21. Qe2 b6 22. Kh2 Qd5 23. Rfd1 Nc6 24. Be1 Nb4 25. Nd2 Qb7 26. Ne4 Nd5 27. Bd2 a5 28. Kg3 Nb4 29. Bxb4 cxb4 30. Nd2 Qd5 31. Nc4 Kb7 32. Re1 Rc8 33. Qf2 Red8 34. Re4 Bf8 35. Rae1 Be7 36. R1e2 Bf8 37. Qe1 Re8 38. Qa1 Red8 39. Qg1 Bc5 40. Qa1 Bf8 41. Qg1 Bc5 42. Qg2 Ka7 43. Qg1 Kb7 44. Nd6+ Bxd6 45. exd6 Qxd6 46. Re5 Rc3 47. Rb5 Rdc8 48. Re4 Rd8 1/2-1/2

[Event "DMP-III LIGA Senior PK 2020"]
[Site "Bystre"]
[Date "2020.07.12"]
[Round "8.21"]
[White "Wojciechowski, Beniamin"]
[Black "Babiarz, Arkadiusz"]
[Result "0-1"]
[ECO "B23"]
[WhiteElo "1835"]
[BlackElo "1840"]
[Annotator "NA RC"]
[PlyCount "64"]
[EventDate "2020.07.05"]
[EventType "team-tourn"]
[EventCountry "POL"]
[SourceTitle "playchess.com"]
[Source "ChessBase"]
[SourceQuality "1"]
[TimeControl "5400+30"]

1. e4 c5 2. Nc3 e6 3. Nge2 Nc6 4. g3 Nf6 5. Bg2 Be7 6. O-O O-O 7. d3 Rb8 8. Bg5 b5 9. Qd2 b4 10. Na4 Qa5 11. b3 c4 12. Bf4 c3 13. Qd1 e5 14. Bg5 Qc7 15. d4 Ba6 16. d5 Bxe2 17. Qxe2 Nd4 18. Qd3 Nxd5 19. exd5 Bxg5 20. f4 Bf6 21. Be4 g6 22. Qa6 d6 23. a3 Bg7 24. f5 gxf5 25. Bxf5 Rb5 26. Be4 Qd7 27. axb4 f5 28. Bd3 Rxb4 29. Nxc3 e4 30. Bc4 Nf3+ 31. Rxf3 exf3 32. Nd1 Qe7 0-1

[Event "DMP-III LIGA Senior PK 2020"]
[Site "Bystre"]
[Date "2020.07.12"]
[Round "8.22"]
[White "Ziemniak, Piotr"]
[Black "Krynicki, Grzegorz"]
[Result "1-0"]
[ECO "B28"]
[WhiteElo "1791"]
[BlackElo "1369"]
[Annotator "NA RC"]
[PlyCount "91"]
[EventDate "2020.07.05"]
[EventType "team-tourn"]
[EventCountry "POL"]
[SourceTitle "playchess.com"]
[Source "ChessBase"]
[SourceQuality "1"]
[TimeControl "5400+30"]

1. e4 c5 2. Nf3 a6 3. d4 cxd4 4. Nxd4 Nf6 5. Nd2 e5 6. N4f3 d6 7. Bc4 Qc7 8. Ng5 d5 9. Bxd5 Nxd5 10. exd5 h6 11. Nge4 b5 12. b3 Bb4 13. O-O O-O 14. Bb2 f5 15. c3 Ba5 16. Ng3 Bb7 17. c4 Nd7 18. Rc1 Qd6 19. Nf3 bxc4 20. bxc4 Rab8 21. Qc2 e4 22. Nd4 g6 23. Nb3 Bb4 24. Ba1 Ne5 25. Rfd1 Nd3 26. Rxd3 exd3 27. Qxd3 Qf4 28. Rd1 Rfe8 29. h3 Re1+ 30. Rxe1 Bxe1 31. Qe2 Bb4 32. Qe6+ Kf8 33. Be5 Qg5 34. Bxb8 Qe7 35. Qxe7+ Kxe7 36. Bf4 a5 37. Bd2 Ba6 38. Bxb4+ axb4 39. Nd2 Kd6 40. Ne2 Kc5 41. g4 fxg4 42. hxg4 Kb6 43. Nd4 Ka5 44. Nc6+ Ka4 45. d6 Bc8 46. Ne5 1-0

[Event "DMP-III LIGA Senior PK 2020"]
[Site "Bystre"]
[Date "2020.07.12"]
[Round "8.23"]
[White "Borukalo, Zdzislaw"]
[Black "Wozniak, Grzegorz"]
[Result "0-1"]
[ECO "B22"]
[WhiteElo "1679"]
[BlackElo "1608"]
[Annotator "NA RC"]
[PlyCount "64"]
[EventDate "2020.07.05"]
[EventType "team-tourn"]
[EventCountry "POL"]
[SourceTitle "playchess.com"]
[Source "ChessBase"]
[SourceQuality "1"]
[TimeControl "5400+30"]

1. e4 c5 2. c3 e6 3. d4 cxd4 4. cxd4 d5 5. e5 Qb6 6. Nf3 Nc6 7. Nc3 Nge7 8. Na4 Qc7 9. Be2 Ng6 10. O-O Be7 11. g3 f6 12. exf6 Bxf6 13. h4 O-O 14. h5 Nge7 15. Bf4 e5 16. dxe5 Nxe5 17. Rc1 Nxf3+ 18. Bxf3 Qd8 19. Bc7 Qd7 20. Bf4 Qf5 21. Bg2 Be5 22. Bxe5 Qxe5 23. Re1 Qd6 24. Nc3 Be6 25. Nb5 Qb6 26. Rxe6 Qxf2+ 27. Kh2 Nf5 28. Qb3 Nh4 29. Rc2 Nf3+ 30. Kh3 Ng1+ 31. Kh4 Rf4+ 32. Kg5 h6+ 0-1

[Event "DMP-III LIGA Senior PK 2020"]
[Site "Bystre"]
[Date "2020.07.12"]
[Round "8.24"]
[White "Polak, Sylwia"]
[Black "Krzysztynska, Anna"]
[Result "0-1"]
[ECO "E98"]
[WhiteElo "1614"]
[BlackElo "1857"]
[Annotator "NA RC"]
[PlyCount "98"]
[EventDate "2020.07.05"]
[EventType "team-tourn"]
[EventCountry "POL"]
[SourceTitle "playchess.com"]
[Source "ChessBase"]
[SourceQuality "1"]
[TimeControl "5400+30"]

1. d4 Nf6 2. c4 g6 3. Nc3 Bg7 4. e4 d6 5. Nf3 O-O 6. Be2 Nc6 7. O-O e5 8. d5 Ne7 9. Ne1 Nd7 10. Be3 f5 11. f3 f4 12. Bf2 g5 13. Nd3 b6 14. b4 a5 15. a3 Ba6 16. Qb3 h5 17. c5 g4 18. b5 Bc8 19. cxd6 cxd6 20. fxg4 hxg4 21. Bxg4 Nf6 22. Bxc8 Rxc8 23. Nxe5 Rxc3 24. Qxc3 Nxe4 25. Qh3 Bxe5 26. Qe6+ Kg7 27. Bh4 Nf6 28. Rad1 Ng6 29. Bf2 Ne4 30. Bd4 Nc5 31. Qg4 Qf6 32. Bxe5 Qxe5 33. Rfe1 Qf5 34. Re7+ Kh6 35. Qxf5 Rxf5 36. Re8 Ne5 37. Rd8 Rf6 38. Rb8 Ncd7 39. Rc8 f3 40. Rf1 fxg2 41. Kxg2 Kg5 42. Rg8+ Rg6 43. Rh8 Rh6 44. Rg8+ Rg6 45. Rh8 Rf6 46. Rg8+ Kh6 47. Re8 Rg6+ 48. Kh3 Nf6 49. Rd1 Nxe8 0-1

[Event "DMP-III LIGA Senior PK 2020"]
[Site "Bystre"]
[Date "2020.07.12"]
[Round "8.27"]
[White "Futyma, Dawid"]
[Black "Kasperek, Rafal"]
[Result "0-1"]
[ECO "E38"]
[WhiteElo "1278"]
[BlackElo "1982"]
[Annotator "RC"]
[PlyCount "52"]
[EventDate "2020.07.05"]
[EventType "team-tourn"]
[EventCountry "POL"]
[SourceTitle "playchess.com"]
[Source "ChessBase"]
[SourceQuality "1"]
[TimeControl "5400+30"]

1. d4 Nf6 2. c4 e6 3. Nc3 Bb4 4. Qc2 c5 5. e3 O-O 6. Nf3 d5 7. Bd2 cxd4 8. exd4 Nc6 9. cxd5 Nxd5 10. Bd3 Nf6 11. Ne2 Bxd2+ 12. Qxd2 b6 13. O-O Bb7 14. Nc3 Nb4 15. Be2 Nbd5 16. Nxd5 Qxd5 17. Qg5 Rac8 18. Qxd5 Nxd5 19. Rac1 Nf4 20. Bb5 a6 21. Rxc8 Rxc8 22. Ba4 Bxf3 23. gxf3 Rc4 24. Bb3 Rxd4 25. Kh1 Kf8 26. Rc1 Rd2 0-1

[Event "DMP-III LIGA Senior PK 2020"]
[Site "Bystre"]
[Date "2020.07.12"]
[Round "8.28"]
[White "Mikula, Michal"]
[Black "Szaro, Mariusz"]
[Result "1-0"]
[ECO "C00"]
[WhiteElo "1858"]
[BlackElo "1559"]
[Annotator "NA RC"]
[PlyCount "43"]
[EventDate "2020.07.05"]
[EventType "team-tourn"]
[EventCountry "POL"]
[SourceTitle "playchess.com"]
[Source "ChessBase"]
[SourceQuality "1"]
[TimeControl "5400+30"]

1. e4 e6 2. Nf3 d5 3. e5 c5 4. b4 cxb4 5. a3 Nc6 6. axb4 Qc7 7. d4 Bxb4+ 8. c3 Be7 9. Bd3 Nh6 10. h4 f6 11. exf6 Bxf6 12. Na3 O-O 13. Ng5 Nf5 14. Nb5 Qd7 15. Ba3 Re8 16. g4 a6 17. Bc1 axb5 18. Rxa8 Nfxd4 19. Bxh7+ Kh8 20. cxd4 Nxd4 21. Qd3 Qc6 22. Nf7# 1-0

[Event "DMP-III LIGA Senior PK 2020"]
[Site "Bystre"]
[Date "2020.07.12"]
[Round "8.29"]
[White "Dziura, Wiktor"]
[Black "Sygulski, Piotr"]
[Result "0-1"]
[ECO "A00"]
[WhiteElo "1353"]
[BlackElo "1652"]
[Annotator "NA RC"]
[PlyCount "52"]
[EventDate "2020.07.05"]
[EventType "team-tourn"]
[EventCountry "POL"]
[SourceTitle "playchess.com"]
[Source "ChessBase"]
[SourceQuality "1"]
[TimeControl "5400+30"]

1. g3 d5 2. Bg2 e5 3. c4 c6 4. cxd5 cxd5 5. d3 Nf6 6. Nf3 Nc6 7. O-O Bd6 8. Nc3 h6 9. Re1 O-O 10. Nd2 Bc7 11. a3 a6 12. e4 d4 13. Nd5 Be6 14. Nxc7 Qxc7 15. Nb3 Nd7 16. Rf1 Rfc8 17. f4 f6 18. fxe5 Ndxe5 19. Nc5 Bg4 20. Qb3+ Kh7 21. Bd2 b6 22. h3 Nf3+ 23. Bxf3 Qxg3+ 24. Bg2 Bxh3 25. Rf2 Ne5 26. Be1 Ng4 0-1

[Event "DMP-III LIGA Senior PK 2020"]
[Site "Bystre"]
[Date "2020.07.12"]
[Round "8.30"]
[White "Zgoda, Aleksandra"]
[Black "Kruczek, Aleksandra"]
[Result "1-0"]
[ECO "C78"]
[WhiteElo "1203"]
[BlackElo "1038"]
[Annotator "NA RC"]
[PlyCount "79"]
[EventDate "2020.07.05"]
[EventType "team-tourn"]
[EventCountry "POL"]
[SourceTitle "playchess.com"]
[Source "ChessBase"]
[SourceQuality "1"]
[TimeControl "5400+30"]

1. e4 e5 2. Nf3 Nc6 3. Bb5 a6 4. Ba4 Nf6 5. O-O b5 6. Bb3 a5 7. c3 Bb7 8. d4 exd4 9. cxd4 a4 10. Bc2 Nb4 11. Re1 Be7 12. Nc3 c6 13. a3 Nxc2 14. Qxc2 Rc8 15. Qd3 O-O 16. Be3 Ng4 17. Nd2 Bd6 18. h3 Nxe3 19. Rxe3 Qh4 20. e5 Be7 21. Rg3 f6 22. Nf3 Qh5 23. Ne4 h6 24. Re1 f5 25. Nc5 Rc7 26. Nxb7 Rxb7 27. d5 f4 28. Rg4 c5 29. d6 Bxd6 30. Qd5+ Kh8 31. Qxb7 Be7 32. Qxd7 Rf7 33. e6 Rf8 34. Qxe7 Rg8 35. Qf7 Qxf7 36. exf7 Rf8 37. Re8 Rxe8 38. fxe8=Q+ Kh7 39. Qf7 c4 40. Qxg7# 1-0

[Event "DMP-III LIGA Senior PK 2020"]
[Site "Bystre"]
[Date "2020.07.12"]
[Round "9.1"]
[White "Zgoda, Damian"]
[Black "Stefanski, Robert"]
[Result "1/2-1/2"]
[ECO "E06"]
[WhiteElo "1672"]
[BlackElo "1649"]
[Annotator "NA"]
[PlyCount "42"]
[EventDate "2020.07.05"]
[EventType "team-tourn"]
[EventCountry "POL"]
[SourceTitle "playchess.com"]
[Source "ChessBase"]
[SourceQuality "1"]
[TimeControl "5400+30"]

1. d4 d5 2. Nf3 e6 3. c4 Nf6 4. g3 Be7 5. Bg2 O-O 6. O-O c5 7. cxd5 exd5 8. dxc5 Bxc5 9. Qc2 Qb6 10. Nc3 Be7 11. Be3 Qa5 12. a3 Nc6 13. b4 Qd8 14. Na4 Bg4 15. Nd4 Nxd4 16. Bxd4 Rc8 17. Qb2 b6 18. Rac1 Qd7 19. Nc3 Rfd8 20. e3 Bf5 21. Rfd1 Ne4 1/2-1/2

[Event "DMP-III LIGA Senior PK 2020"]
[Site "Bystre"]
[Date "2020.07.12"]
[Round "9.2"]
[White "Socha, Kamil"]
[Black "Smusz, Kamil"]
[Result "1/2-1/2"]
[ECO "C90"]
[WhiteElo "1817"]
[BlackElo "1922"]
[Annotator "ChessBase"]
[PlyCount "40"]
[EventDate "2020.07.05"]
[EventType "team-tourn"]
[EventCountry "POL"]
[SourceTitle "playchess.com"]
[Source "ChessBase"]
[SourceQuality "1"]
[TimeControl "5400+30"]

1. e4 e5 2. Nf3 Nc6 3. Bb5 a6 4. Ba4 Nf6 5. O-O b5 6. Bb3 Be7 7. d3 O-O 8. c3 d6 9. Re1 Na5 10. Bc2 c5 11. Nbd2 Nc6 12. Nf1 h6 13. Ng3 Nh7 14. d4 cxd4 15. cxd4 Ng5 16. Nxg5 Bxg5 17. dxe5 dxe5 18. Bxg5 hxg5 19. Bb3 Qxd1 20. Raxd1 Nd4 1/2-1/2